 Dungeon Crawl Stone Soup version 0.30.1-11-g7821555f0a (webtiles) character file.

Game seed: 18318142899594205375

7429 FakeRyeBread the Fighter (level 11, -6/87 HPs)
             Began as a Djinni Conjurer on Nov 23, 2023.
             Was an Initiate of Ashenzari.
             Hit by a large rock thrown by a cyclops (44 damage)
             ... on level 9 of the Dungeon.
             The game lasted 00:31:22 (8679 turns).

FakeRyeBread the Fighter (Djinni Conjurer)          Turns: 8679, Time: 00:31:26

Health: -6/87      AC:  4    Str:  6    XL:     11   Next: 37%
Gold:   573        EV: 13    Int: 29    God:    Ashenzari [......] SH:  0 Dex:  7

rFire   + + .        B - staff of cold "Lellamnu" {rC+ Int+2}
rCold   . . .        (no shield)
rNeg    + . .        r - +1 robe of Buizio Akih {rN+ Int+3 Dex-5 SInv}
rPois   ∞            (no helmet)
rElec   .            (no cloak)
rCorr   .            h - +0 pair of gloves
SInv    +            (boots unavailable)
Will    +....        u - amulet of regeneration
Stlth   +            d - ring of wizardry
HPRegen 1.14/turn    E - +4 ring of slaying
MPRegen 0.00/turn

%: wizardry (x1), infuse magic (-7 HP)
@: flying
A: sickness immunity, fire resistance 2, cold vulnerability 1, float, innate
caster, HP casting, extra vitality 1
a: Renounce Religion, Curse Item


You were on level 9 of the Dungeon.
You worshipped Ashenzari.
Ashenzari was noncommittal.
You visited 2 branches of the dungeon, and saw 10 of its levels.

You collected 573 gold pieces.

Inventory:

Armour
 h - a +0 pair of gloves (worn)
 r - the +1 robe of Buizio Akih (worn) {rN+ Int+3 Dex-5 SInv}
   (You found it on level 4 of the Dungeon)

   Int:       It affects your intelligence (+3).
   Dex:       It affects your dexterity (-5).
   rN:        It protects you from negative energy.
   SInv:      It lets you see invisible.
Magical Staves
 z - a staff of fire
 B - the staff of cold "Lellamnu" (weapon) {rC+ Int+2}
   (You found it on level 8 of the Dungeon)

   [staff of cold]

   Your inability to study Ice Magic prevents you from drawing on the full power
   of this staff in melee.
   Base accuracy: +5 Base damage: 5 Base attack delay: 1.2 This weapon's minimum
   attack delay (0.6) is reached at skill level 12.
   Int:       It affects your intelligence (+2).
   rC:        It protects you from cold.
   It falls into the 'Staves' category.
   It is a one-handed weapon.
Jewellery
 d - a ring of wizardry (left hand)
 u - an amulet of regeneration (around neck)
 E - a +4 ring of slaying (right hand)
Wands
 b - a wand of roots (15)
 y - a wand of flame (33)
Scrolls
 a - 4 scrolls of poison {unknown}
 e - a scroll of enchant weapon
 i - a scroll of brand weapon {unknown}
 q - 2 scrolls of blinking {unknown}
 v - 3 scrolls of vulnerability {unknown}
 w - a scroll of fog {unknown}
 x - 2 scrolls of fear {unknown}
 A - a scroll of enchant armour {unknown}
 D - a scroll of immolation {unknown}
Potions
 c - a potion of invisibility
 f - a potion of ambrosia
 g - 2 potions of cancellation
 j - a potion of heal wounds {unknown}
 k - 2 potions of resistance
 l - 2 potions of attraction {unknown}
 m - 4 potions of curing
 n - a potion of degeneration {unknown}
 o - 4 potions of flight
 p - a potion of lignification {unknown}
 s - a potion of berserk rage {unknown}
 t - 2 potions of might {unknown}
 C - 2 potions of magic {unknown}


   Skills:
 + Level 11.2 Fighting
 + Level 6.4 Dodging
 - Level 1.5 Stealth
 + Level 9.4 Spellcasting


You knew the following spells:

 Your Spells              Type           Power      Damage    Failure   Level
a - Magic Dart            Conj           100%       1d8       1%          1
b - Searing Ray           Conj           100%       2d8       1%          2
c - Dazzling Flash        Conj/Hex       100%       N/A       1%          3
d - Fulminant Prism       Conj/Hex       31%        3d15      1%          4
e - Iskenderun's Mystic   Conj/Tloc      62%        2d13      1%          4
f - Necrotise             Necr           100%       1d9       1%          1
g - Wereblood             Tmut           62%        N/A       1%          2
h - Frozen Ramparts       Ice            100%       1d16      1%          3
i - Summon Ice Beast      Ice/Summ       80%        N/A       1%          4
j - Passage of Golubria   Tloc           62%        N/A       1%          4
Your spell library was empty.

Dungeon Overview and Level Annotations

Branches:
Dungeon (9/15)             Temple (1/1) D:4            Lair (0/5) D:9
    Orc: D:9-12

Altars:
Ashenzari
Cheibriados
Elyvilon
Fedhas
Gozag
Hepliaklqana
Makhleb
Nemelex Xobeh
Okawaru
Qazlal
Ru
Trog
Uskayaw
Wu Jian
Xom
Yredelemnul
Zin
The Shining One

Shops:
D:2 [   D:8 !


Innate Abilities, Weirdness & Mutations

You are immune to sickness and miasma.
You are immune to poison.
Your flesh is very heat resistant. (rF++)
You are vulnerable to cold. (rC-)
You float through the air rather than walking.
You learn spells naturally, not from books.
Your magical power is your life essence.
You have superior vitality. (+4 MHP)


Message History

The kobold brigand throws a curare-tipped dart.
The curare-tipped dart hits you.
Your fulminant prism crackles loudly.
Items here: (( ))) ††.
Your fulminant prism explodes!
The blast of energy engulfs the kobold brigand!
You kill the kobold brigand!
You start resting.
A kobold comes into view. It is wielding a +0 short sword.
Aiming: Fulminant Prism (safe; 1% risk of failure)
Press: ? - help, Q - select action, (/) - cycle Dir - move target You conjure a prism of explosive energy!
The kobold shouts!
* * * LOW HITPOINT WARNING * * *
A fulminant prism comes into view.
Your fulminant prism crackles loudly.
Your fulminant prism explodes!
You feel a bit more experienced.
You hear a bellow!
You start resting.
A kobold comes into view. It is wielding a +0 short sword.
Aiming: Fulminant Prism (safe; 1% risk of failure)
Press: ? - help, Q - select action, (/) - cycle Dir - move target You conjure a prism of explosive energy!
The kobold shouts!
A fulminant prism comes into view.
A cyclops comes into view.
Your fulminant prism crackles loudly.
The kobold hits your fulminant prism with a +0 short sword.
Your fulminant prism explodes!
The blast of energy engulfs the kobold!
You kill the kobold!
You hear a shout! x2
Aiming: Fulminant Prism (safe; 1% risk of failure)
Press: ? - help, Q - select action, (/) - cycle Dir - move target You conjure a prism of explosive energy!
A fulminant prism comes into view.
The cyclops throws a large rock.
The large rock hits you!!!
Ouch! That really hurt!
You die...

......#........###
..
###.....####....#
##.........##...##
#.......C†).#...#
......).Y.†*....#
..†...>†....)...#
.).†)†..K)..)...#
#...........##..#
##.........###.@#
###.....### #...#
..#...#. #...#
...##..#.. #....
... #..#.. #.....
.. #..#... #......
#....... #.#######


You could see a cyclops, a yak (ally target) and a friendly fulminant prism.

Vanquished Creatures
  A two-headed ogre (D:8)
  An elephant (D:9)
  A gargoyle (D:9)
  Joseph (D:7)
  Maggie (D:8)
  A hornet (D:8)
  2 wyverns
  7 yaks (D:9)
  A shadow (D:7)
  A basilisk (D:9)
  3 water moccasins
  An ice beast (D:7)
  A sky beast (D:6)
  4 black bears
  An orc warrior (D:7)
  2 centaurs
  3 ogres
  5 phantoms
  3 kobold brigands
  A gnoll sergeant (D:8)
  4 bullfrogs
  5 scorpions
  4 wights (D:8)
  5 electric eels (D:8)
  5 hounds
  2 jellies
  3 orc priests (D:8)
  2 iguanas
  A sleepcap (D:3)
  9 orc wizards
  Natasha (thrice) (D:2)
  2 hound zombies (D:3)
  7 adders
  A shadow imp (D:5)
  2 white imps (D:8)
  An ufetubus (D:7)
  2 dart slugs
  46 orcs
  A ball python (D:4)
  4 bats
  4 endoplasms
  4 giant cockroaches
  8 goblins
  9 hobgoblins
  4 quokkas
  A ball python zombie (D:3)
  2 frilled lizards
  2 giant cockroach zombies (D:3)
  A jackal zombie (D:3)
  11 kobolds
  6 rats
  38 fulminant prisms
240 creatures vanquished.

Vanquished Creatures (others)
  124 fulminant prisms
124 creatures vanquished.

Grand Total: 364 creatures vanquished

Notes
Turn   | Place    | Note
-------+----------+-------------------------------------------
     0 | D:1      | FakeRyeBread the Djinni Conjurer began the quest for the
                  | Orb.
     0 | D:1      | FakeRyeBread set off with the following spells memorised:
                  | Magic Dart, Searing Ray, Dazzling Flash, Fulminant Prism,
                  | Iskenderun's Mystic Blast.
     0 | D:1      | Reached XP level 1. HP: 15/15 MP: 0/0
   184 | D:1      | Reached XP level 2. HP: 20/22 MP: 0/0
   186 | D:1      | Reached skill level 1 in Fighting
  1009 | D:2      | Found a faded altar of an unknown god.
  1086 | D:2      | Reached XP level 3. HP: 26/27 MP: 0/0
  1086 | D:2      | Learned a level 1 spell: Necrotise
  1178 | D:2      | Found Looskahes's Antique Armour Emporium.
  1220 | D:2      | Noticed Natasha
  1226 | D:2      | Killed Natasha
  1227 | D:2      | Reached skill level 2 in Fighting
  1227 | D:2      | Reached XP level 4. HP: 26/33 MP: 0/0
  1283 | D:2      | Noticed Natasha
  1291 | D:2      | Killed Natasha
  1424 | D:2      | Noticed Natasha
  1433 | D:2      | Killed Natasha
  1434 | D:2      | Reached XP level 5. HP: 12/40 MP: 0/0
  1434 | D:2      | Learned a level 2 spell: Wereblood
  1750 | D:3      | Found a stormy altar of Qazlal.
  1926 | D:3      | Reached skill level 3 in Fighting
  2685 | D:3      | Reached XP level 6. HP: 31/47 MP: 0/0
  2917 | D:3      | Reached skill level 4 in Fighting
  3244 | D:3      | Found a glowing golden altar of the Shining One.
  3480 | D:4      | Identified the +1 robe of Buizio Akih {rN+ Int+3 Dex-5
                  | SInv}
  3721 | D:4      | Noticed an ogre
  3724 | D:4      | Killed an ogre
  3725 | D:4      | Reached XP level 7. HP: 50/53 MP: 0/0
  3725 | D:4      | Learned a level 3 spell: Frozen Ramparts
  3942 | D:4      | Reached skill level 5 in Spellcasting
  4005 | D:4      | Found a hide-covered altar of Uskayaw.
  4130 | D:4      | Found a staircase to the Ecumenical Temple.
  4139 | Temple   | Entered the Ecumenical Temple
  4437 | D:4      | Found a sparkling altar of Nemelex Xobeh.
  4440 | D:4      | Found a blossoming altar of Fedhas.
  4590 | D:4      | Identified the +3 flail of the Evil Eye {heavy, rF+ rC-
                  | Str+3 Dex+3}
  4623 | D:5      | Entered Level 5 of the Dungeon
  4630 | D:5      | Reached skill level 5 in Fighting
  4713 | D:5      | Reached XP level 8. HP: 60/61 MP: 0/0
  4827 | D:5      | Reached skill level 6 in Fighting
  5163 | D:5      | Found a broken altar of Ashenzari.
  5168 | D:5      | Became a worshipper of Ashenzari the Shackled
  5192 | D:5      | Reached skill level 7 in Fighting
  5586 | D:6      | Reached XP level 9. HP: 67/68 MP: 0/0
  5586 | D:6      | Learned a level 4 spell: Summon Ice Beast
  5857 | D:6      | Reached skill level 8 in Fighting
  6458 | D:7      | Identified the +9 mace of Doors {antimagic, Fragile +Blink
                  | rF+}
  6565 | D:7      | Reached skill level 9 in Fighting
  6816 | D:7      | Reached XP level 10. HP: 73/78 MP: 0/0
  6823 | D:7      | Noticed Joseph
  6848 | D:7      | Killed Joseph
  7416 | D:8      | Reached skill level 10 in Fighting
  7455 | D:8      | Noticed a two-headed ogre
  7467 | D:8      | Killed a two-headed ogre
  7556 | D:8      | Identified the staff of cold "Lellamnu" {rC+ Int+2}
  7563 | D:8      | Noticed Maggie
  7594 | D:8      | Killed Maggie
  7934 | D:8      | Found Jurutui's Distillery.
  8581 | D:9      | Found a staircase to the Lair.
  8581 | D:9      | Noticed an elephant
  8586 | D:9      | Reached skill level 5 in Dodging
  8586 | D:9      | Reached XP level 11. HP: 79/86 MP: 0/0
  8586 | D:9      | Learned a level 4 spell: Passage of Golubria
  8595 | D:9      | Killed an elephant
  8622 | D:9      | Reached skill level 11 in Fighting
  8677 | D:9      | Noticed a cyclops
  8679 | D:9      | Hit by a large rock thrown by a cyclops

Illustrated notes

Levels and vault maps discovered:
D:1:      dpeg_arrival_connections, layout_basic
D:2:      layout_rooms, shapermc_ecumenical_altar_gd, serial_shops,
          nicolae_diamond_shop, uniq_natasha
D:3:      layout_basic, led_sif_book, mainiacjoe_overflow_six_doors_small,
          tso_altar, serial_undead, serial_undead_b, serial_undead_f,
          serial_undead_c, serial_undead_f
D:4:      layout_basic, mainiacjoe_overflow_alcove_2, minitemple,
          minmay_temple_entry_statues_fountains, minmay_goblin_kobold_house
D:5:      layout_basic, vehumet_altar_wand_db, mainiacjoe_overflow_brackets
D:6:      layout_loops_ring, grunt_decor_clamped, kennysheep_generic_room_13
D:7:      layout_loops_ring, lemuel_round_altar, minmay_misc_feat_square,
          minmay_fractal_squares_5, uniq_joseph
D:8:      layout_basic, serial_bayou, serial_bayou_ford_a,
          serial_bayou_lagoon_a, serial_bayou_pond_a, serial_bayou_crossing,
          serial_bayou_pond_e, serial_shops, nicolae_square_shop,
          minmay_fractal_squares_diagonal_5, uniq_maggie
D:9:      cheibrodos_statue_roulette, layout_irregular_city,
          gammafunk_temple_overflow_arena, david_lair_generic, enter_bailey_7,
          nicolae_straight_to_the_point
Temple:   chequers_temple_sunken

Skill      XL: |  1  2  3  4  5  6  7  8  9 10 11 |
---------------+----------------------------------+-----
Fighting       | 1 2 3 4 5 7 9 10 11 | 11.2
Spellcasting   | 4 5 6 7 9 |  9.4
Dodging        | 5 6 |  6.4
Stealth        | |  1.5

Action                     |  1- 3 |  4- 6 |  7- 9 | 10-12 || total
---------------------------+-------+-------+-------+-------++-------
  Melee: Dagger            |       |     1 |       |       ||     1
   Cast: Magic Dart        |    48 |    29 |       |       ||    77
         Necrotise         |     2 |       |       |       ||     2
         Searing Ray       |     1 |    31 |    37 |       ||    69
         Fulminant Prism   |       |       |    65 |    98 ||   163
         Iskenderun's Myst |       |       |     8 |    12 ||    20
         Summon Ice Beast  |       |       |     2 |       ||     2
  Evoke: Wand              |       |       |       |    11 ||    11
    Use: Scroll            |       |     6 |     3 |       ||     9
         Potion            |       |       |       |     1 ||     1
 Armour: Robe              |     1 |     3 |    12 |     3 ||    19
  Dodge: Dodged            |       |    12 |    31 |    11 ||    54
